MLB
BALTIMORE ORIOLES @ NEW YORK YANKEES
08/14/2046
 
TOP OF THE 1ST
Baltimore Orioles batting - Pitching for New York Yankees : LHP Arturo Eli
Pitching: LHP Arturo Eli
Batting: SHB Aldo Questi 0-0: Ball
1-0: Foul Ball, location: 2F
1-1: Foul Ball, location: 2F
1-2: Ball
2-2: Ball
3-2: Ground out 6-3 (Groundball, 6, EV 81.9 MPH)
Batting: RHB Jesse Basich 0-0: Called Strike
0-1: Called Strike
0-2: Ball
1-2: Ball
2-2: Foul Ball, location: 2F
2-2: Foul Ball, location: 2F
2-2: Strikes out swinging
Batting: RHB Rudo Garciaparra 0-0: Ball
1-0: DOUBLE (Line Drive, 3D, EV 94.4 MPH)
Batting: RHB Saimei Kudo 0-0: Called Strike
0-1: Ball
1-1: Ball
2-1: Ball
3-1: Swinging Strike
3-2: Ground out 6-3 (Groundball, 6, EV 94.4 MPH)
Top of the 1st over - 0 runs, 1 hit, 0 errors, 1 left on base; Baltimore 0 - New York 0
BOTTOM OF THE 1ST
New York Yankees batting - Pitching for Baltimore Orioles : LHP Randy Johnson Jr.
Pitching: LHP Randy Johnson Jr.
Batting: LHB Jordan de Jesus 0-0: Foul Ball, location: 2F
0-1: Swinging Strike
0-2: Foul Ball, location: 2F
0-2: Foul Ball, location: 2F
0-2: SINGLE (Line Drive, 4D, EV 96.9 MPH)
Batting: RHB C.J. Richerson 0-0: Called Strike
Jordan de Jesus is caught stealing 2nd base 2-4
0-1: Foul Ball, location: 2F
0-2: Strikes out swinging
Batting: SHB Bartholomeu Chambino 0-0: Swinging Strike
0-1: Foul Ball, location: 2F
0-2: Ground out 4-3 (Groundball, 4M, EV 88.1 MPH)
Bottom of the 1st over - 0 runs, 1 hit, 0 errors, 0 left on base; Baltimore 0 - New York 0
TOP OF THE 2ND
Baltimore Orioles batting - Pitching for New York Yankees : LHP Arturo Eli
Batting: LHB Paul Diaz 0-0: Ball
1-0: Ball
2-0: Swinging Strike
2-1: Ball
3-1: Foul Ball, location: 2F
3-2: Fly out, F9 (Line Drive, 9, EV 94.4 MPH)
Batting: RHB Muneer Maudad 0-0: Ball
1-0: Ball
2-0: Foul Ball, location: 2F
2-1: Foul Ball, location: 2F
2-2: Strikes out swinging
Batting: RHB Blake Ballard 0-0: SINGLE (Line Drive, 89S, EV 92.5 MPH)
Batting: LHB Brian Feher 0-0: Ball
1-0: Ground out 6-3 (Groundball, 6M, EV 82.5 MPH)
Top of the 2nd over - 0 runs, 1 hit, 0 errors, 1 left on base; Baltimore 0 - New York 0
BOTTOM OF THE 2ND
New York Yankees batting - Pitching for Baltimore Orioles : LHP Randy Johnson Jr.
Batting: LHB Evan Torraville 0-0: Ball
1-0: Ball
2-0: Ground out U3 (Groundball, 34, EV 76.9 MPH)
Batting: RHB Geni Prawiranega 0-0: Called Strike
0-1: Ball
1-1: Ball
2-1: Foul Ball, location: 2F
2-2: Strikes out swinging
Batting: LHB Jason Peck 0-0: Called Strike
0-1: Foul Ball, location: 2F
0-2: Ball
1-2: Ball
2-2: Foul Ball, location: 2F
2-2: Foul Ball, location: 2F
2-2: Strikes out swinging
Bottom of the 2nd over - 0 runs, 0 hits, 0 errors, 0 left on base; Baltimore 0 - New York 0
TOP OF THE 3RD
Baltimore Orioles batting - Pitching for New York Yankees : LHP Arturo Eli
Batting: RHB Kory Sanchez 0-0: Swinging Strike
0-1: Called Strike
0-2: Ball
1-2: Fly out, F8 (Flyball, 78S, EV 86.9 MPH)
Batting: SHB Aldo Questi 0-0: Ball
1-0: Ball
2-0: Swinging Strike
2-1: Ball
3-1: Base on Balls
Batting: RHB Jesse Basich 0-0: Called Strike
0-1: Called Strike
0-2: Ball
1-2: Foul Ball, location: 2F
1-2: Strikes out swinging
Batting: RHB Rudo Garciaparra 0-0: Swinging Strike
0-1: Ball
1-1: Called Strike
1-2: Strikes out swinging
Top of the 3rd over - 0 runs, 0 hits, 0 errors, 1 left on base; Baltimore 0 - New York 0
BOTTOM OF THE 3RD
New York Yankees batting - Pitching for Baltimore Orioles : LHP Randy Johnson Jr.
Batting: RHB Russ Shambaugh 0-0: Ground out 6-3 (Groundball, 6, EV 90.6 MPH)
Batting: RHB James Boynton 0-0: Ball
1-0: Ball
2-0: Ground out 4-3 (Groundball, 4S, EV 81.2 MPH)
Batting: LHB David Bramble 0-0: Foul Ball, location: 2F
0-1: Swinging Strike
0-2: Ball
1-2: Ground out 6-3 (Groundball, 4M, EV 83.8 MPH)
Bottom of the 3rd over - 0 runs, 0 hits, 0 errors, 0 left on base; Baltimore 0 - New York 0
TOP OF THE 4TH
Baltimore Orioles batting - Pitching for New York Yankees : LHP Arturo Eli
Batting: RHB Saimei Kudo 0-0: Ball
1-0: Called Strike
1-1: Ball
2-1: Foul Ball, location: 2F
2-2: Ball
3-2: Strikes out looking
Batting: LHB Paul Diaz 0-0: Swinging Strike
0-1: Ball
1-1: Ball
2-1: Called Strike
2-2: Fly out, F7 (Flyball, 78D, EV 98.8 MPH)
Batting: RHB Muneer Maudad 0-0: Called Strike
0-1: Called Strike
0-2: Foul Ball, location: 2F
0-2: Ball
1-2: Ball
2-2: Foul Ball, location: 2F
2-2: Ground out 6-3 (Groundball, 6MS, EV 75.6 MPH)
Top of the 4th over - 0 runs, 0 hits, 0 errors, 0 left on base; Baltimore 0 - New York 0
BOTTOM OF THE 4TH
New York Yankees batting - Pitching for Baltimore Orioles : LHP Randy Johnson Jr.
Batting: LHB Jordan de Jesus 0-0: Ground out 4-3 (Groundball, 4, EV 88.8 MPH)
Batting: RHB C.J. Richerson 0-0: Ball
1-0: Ball
2-0: Called Strike
2-1: Ball
3-1: Called Strike
3-2: Strikes out looking
Batting: SHB Bartholomeu Chambino 0-0: Ball
1-0: Ball
2-0: Ball
3-0: Called Strike
3-1: Base on Balls
Batting: LHB Evan Torraville 0-0: Called Strike
0-1: Called Strike
0-2: Ball
1-2: Ball
2-2: Ground out 4-3 (Groundball, 4, EV 82.5 MPH)
Bottom of the 4th over - 0 runs, 0 hits, 0 errors, 1 left on base; Baltimore 0 - New York 0
TOP OF THE 5TH
Baltimore Orioles batting - Pitching for New York Yankees : LHP Arturo Eli
Batting: RHB Blake Ballard 0-0: Ball
1-0: Ball
2-0: Ball
3-0: Base on Balls
Batting: LHB Brian Feher 0-0: Called Strike
0-1: Ball
1-1: Ball
2-1: Foul Ball, location: 2F
2-2: Reached on error, E1 (Groundball, 13S, EV 66.2 MPH)
Blake Ballard to second
Batting: RHB Kory Sanchez 0-0: Ball
1-0: Ground out 5-3 (Groundball, 5S, EV 86.9 MPH)
Blake Ballard to third
Brian Feher to second
Batting: SHB Aldo Questi 0-0: Swinging Strike
0-1: Swinging Strike
0-2: Ball
1-2: Ball
2-2: Strikes out swinging
Batting: RHB Jesse Basich 0-0: Foul Ball, location: 2F
0-1: Ball
1-1: Called Strike
1-2: SINGLE (Groundball, 6MD, EV 100.6 MPH) (infield hit)
Blake Ballard scores
Brian Feher to third
Batting: RHB Rudo Garciaparra 0-0: Called Strike
0-1: SINGLE (Line Drive, 6D, EV 107.5 MPH)
Brian Feher scores
Jesse Basich to second
Runner from 2nd tries for 3rd, SAFE, throw by LF made to third
Batting: RHB Saimei Kudo 0-0: Called Strike
0-1: DOUBLE (Line Drive, 3D, EV 95.0 MPH)
Jesse Basich scores
Rudo Garciaparra to third
Runner from 3rd tries for Home, SAFE, throw by RF to home
Batting: LHB Paul Diaz 0-0: Ball
1-0: Ball
2-0: Swinging Strike
2-1: SINGLE (Groundball, 34D, EV 99.4 MPH)
Saimei Kudo to third
Runner from 3rd tries for Home, SAFE, throw by RF to home
Now in RF: Kazuyoshi Nakamura
Batting: RHB Muneer Maudad 0-0: Ball
1-0: Fly out, F4 (Popup, 4D, EV 46.9 MPH)
Top of the 5th over - 5 runs, 4 hits, 1 error, 1 left on base; Baltimore 5 - New York 0
BOTTOM OF THE 5TH
New York Yankees batting - Pitching for Baltimore Orioles : LHP Randy Johnson Jr.
Batting: RHB Geni Prawiranega 0-0: Ball
1-0: Called Strike
1-1: Swinging Strike
1-2: Foul Ball, location: 2F
1-2: SINGLE (Groundball, 6MD, EV 98.1 MPH)
Batting: LHB Jason Peck 0-0: Ball
1-0: Ball
2-0: Foul Ball, location: 2F
2-1: Fielders Choice at 2nd, 4-6 (Groundball, 34S, EV 88.1 MPH)
Batting: LHB Kazuyoshi Nakamura 0-0: Ball
1-0: Called Strike
1-1: Fielders Choice at 2nd, 3-6 (Groundball, 3, EV 96.9 MPH)
Batting: RHB James Boynton 0-0: Called Strike
0-1: Ground out 6-3 (Groundball, P, EV 80.6 MPH)
Bottom of the 5th over - 0 runs, 1 hit, 0 errors, 1 left on base; Baltimore 5 - New York 0
TOP OF THE 6TH
Baltimore Orioles batting - Pitching for New York Yankees : LHP Arturo Eli
Pitching: RHP Jason Greene
Batting: RHB Blake Ballard 0-0: Foul Ball, location: 2F
0-1: Ground out U3 (Groundball, 34, EV 85.6 MPH)
Batting: LHB Brian Feher 0-0: Ball
1-0: Foul Ball, location: 2F
1-1: Called Strike
1-2: Ground out 3-1 (Groundball, 34S, EV 92.5 MPH)
Batting: RHB Kory Sanchez 0-0: Ball
1-0: Foul Ball, location: 2F
1-1: Foul Ball, location: 2F
1-2: Foul Ball, location: 2F
1-2: Ground out 5-3 (Groundball, 56, EV 83.1 MPH)
Top of the 6th over - 0 runs, 0 hits, 0 errors, 0 left on base; Baltimore 5 - New York 0
BOTTOM OF THE 6TH
New York Yankees batting - Pitching for Baltimore Orioles : LHP Randy Johnson Jr.
Batting: LHB David Bramble 0-0: Ground out U3 (Groundball, 3L, EV 78.8 MPH)
Batting: LHB Jordan de Jesus 0-0: Ball
1-0: Foul Ball, location: 2F
1-1: Ball
2-1: SINGLE (Groundball, 34D, EV 105.6 MPH)
Batting: RHB C.J. Richerson 0-0: Swinging Strike
0-1: Fly out, F8 (Flyball, 8RD, EV 100.6 MPH)
Batting: SHB Bartholomeu Chambino 0-0: Called Strike
0-1: Ball
1-1: Foul Ball, location: 2F
1-2: Fielders Choice at 2nd, 5-4 (Groundball, 56, EV 84.4 MPH)
Bottom of the 6th over - 0 runs, 1 hit, 0 errors, 1 left on base; Baltimore 5 - New York 0
TOP OF THE 7TH
Baltimore Orioles batting - Pitching for New York Yankees : RHP Jason Greene
Batting: SHB Aldo Questi 0-0: Called Strike
0-1: Ball
1-1: Swinging Strike
1-2: Foul Ball, location: 2F
1-2: Strikes out swinging
Batting: RHB Jesse Basich 0-0: Fly out, F9 (Flyball, 89D, EV 93.8 MPH)
Batting: RHB Rudo Garciaparra 0-0: Ball
1-0: Called Strike
1-1: Ball
2-1: Swinging Strike
2-2: Ball
3-2: Base on Balls
Batting: RHB Saimei Kudo 0-0: Ball
1-0: Ball
2-0: Swinging Strike
2-1: SINGLE (Line Drive, 6D, EV 99.4 MPH)
Rudo Garciaparra to second
Runner from 2nd tries for 3rd, SAFE, no throw by CF
Batting: LHB Paul Diaz 0-0: Swinging Strike
0-1: Foul Ball, location: 2F
0-2: Strikes out looking
Top of the 7th over - 0 runs, 1 hit, 0 errors, 2 left on base; Baltimore 5 - New York 0
BOTTOM OF THE 7TH
New York Yankees batting - Pitching for Baltimore Orioles : LHP Randy Johnson Jr.
Batting: LHB Evan Torraville 0-0: Called Strike
0-1: Fly out, F7 (Flyball, 78M, EV 88.8 MPH)
Batting: RHB Geni Prawiranega 0-0: Ball
1-0: Fly out, F8 (Flyball, 8LD, EV 99.4 MPH)
Batting: LHB Jason Peck 0-0: Called Strike
0-1: Ground out 6-3 (Groundball, 6M, EV 89.4 MPH)
Bottom of the 7th over - 0 runs, 0 hits, 0 errors, 0 left on base; Baltimore 5 - New York 0
TOP OF THE 8TH
Baltimore Orioles batting - Pitching for New York Yankees : RHP Jason Greene
Batting: RHB Muneer Maudad 0-0: Ball
1-0: Called Strike
1-1: Swinging Strike
1-2: SINGLE (Groundball, 6MD, EV 109.4 MPH)
Pitching: RHP Jose Tavira
Batting: RHB Blake Ballard 0-0: Ball
Wild Pitch!
Muneer Maudad to second
1-0: Ball
2-0: Ball
3-0: Called Strike
3-1: Foul Ball, location: 2F
3-2: Foul Ball, location: 2F
3-2: Strikes out swinging
Batting: LHB Brian Feher 0-0: Called Strike
0-1: Ball
1-1: Foul Ball, location: 2F
1-2: Ground out 6-3 (Groundball, 6M, EV 81.9 MPH)
Muneer Maudad to third
Batting: RHB Kory Sanchez 0-0: Called Strike
0-1: Swinging Strike
0-2: Strikes out swinging
Top of the 8th over - 0 runs, 1 hit, 0 errors, 1 left on base; Baltimore 5 - New York 0
BOTTOM OF THE 8TH
New York Yankees batting - Pitching for Baltimore Orioles : LHP Randy Johnson Jr.
Batting: LHB Kazuyoshi Nakamura 0-0: Swinging Strike
0-1: Ball
1-1: Swinging Strike
1-2: SINGLE (Groundball, 6MD, EV 94.4 MPH)
Batting: RHB James Boynton 0-0: Foul Ball, location: 2F
0-1: Called Strike
0-2: Grounds into double play, 4-6-3 (Groundball, 13, EV 90.0 MPH)
Batting: LHB David Bramble 0-0: Ball
1-0: Foul Ball, location: 2F
1-1: Ground out 6-3 (Groundball, 4, EV 83.8 MPH)
Bottom of the 8th over - 0 runs, 1 hit, 0 errors, 0 left on base; Baltimore 5 - New York 0
TOP OF THE 9TH
Baltimore Orioles batting - Pitching for New York Yankees : RHP Jose Tavira
Batting: SHB Aldo Questi 0-0: Ground out 5-3 (Groundball, 56, EV 106.2 MPH)
Batting: RHB Jesse Basich 0-0: Ground out 6-3 (Groundball, 6, EV 81.2 MPH)
Batting: RHB Rudo Garciaparra 0-0: Called Strike
0-1: Called Strike
0-2: Foul Ball, location: 2F
0-2: Ground out 6-3 (Groundball, 6M, EV 93.8 MPH)
Top of the 9th over - 0 runs, 0 hits, 0 errors, 0 left on base; Baltimore 5 - New York 0
BOTTOM OF THE 9TH
New York Yankees batting - Pitching for Baltimore Orioles : LHP Randy Johnson Jr.
Batting: LHB Jordan de Jesus 0-0: Ball
1-0: SINGLE (Line Drive, 89M, EV 90.6 MPH)
Batting: RHB C.J. Richerson 0-0: Ball
1-0: Ball
2-0: Ball
3-0: Called Strike
3-1: Called Strike
3-2: SINGLE (Groundball, 34, EV 105.6 MPH) (infield hit)
Jordan de Jesus to second
Pitching: RHP Chris Dauphin
Batting: SHB Bartholomeu Chambino 0-0: Foul Ball, location: 2F
0-1: Called Strike
0-2: Foul Ball, location: 2F
0-2: Fielders Choice at 2nd, 4-6 (Groundball, 4, EV 83.8 MPH)
Jordan de Jesus to third
Batting: LHB Evan Torraville 0-0: Ball
1-0: Called Strike
1-1: Swinging Strike
1-2: Ball
2-2: Ball
3-2: Fly out, F7 (Line Drive, 78M, EV 100.0 MPH)
Batting: RHB Geni Prawiranega 0-0: Called Strike
0-1: Foul Ball, location: 2F
0-2: Ball
Wild Pitch!
Jordan de Jesus scores
Bartholomeu Chambino to second
1-2: Ball
2-2: Ground out 5-3 (Groundball, 56S, EV 89.4 MPH)
Bottom of the 9th over - 1 run, 2 hits, 0 errors, 1 left on base; Baltimore 5 - New York 1
Tuesday, September 13th , 2022 - OOTP Baseball 23.7 Build 88